 Dungeon Crawl Stone Soup version 0.27-a0-1149-g4505690ab0 (webtiles) character file.

Game seed: 17117692582428922541

448 voltaire321 the Ducker (level 7, -1/54 HPs)
             Began as a Merfolk Gladiator on May 13, 2021.
             Slain by an orc wizard
             ... wielding a +0 dagger
              (5 damage)
             ... on level 4 of the Dungeon.
             The game lasted 00:10:11 (5728 turns).

voltaire321 the Ducker (Merfolk Gladiator)          Turns: 5728, Time: 00:10:12

Health: -1/54      AC:  6    Str: 14    XL:     7   Next: 4%
Magic:  7/7        EV: 14    Int:  9    God:
Gold:   203        SH:  0    Dex: 16    Spells: 6/6 levels left

rFire    + + .     SeeInvis .   a - +0 long sword
rCold    . . .     Faith    .   (no shield)
rNeg     . . .     Spirit   .   l - +2 leather armour {rF+}
rPois    .         Reflect  .   c - +0 helmet
rElec    .         Harm     .   (no cloak)
rCorr    +         Rampage  .   (no gloves)
Will     .....     Clarity  +   (no boots)
Stlth    +.........             (no amulet)
HPRegen  0.18/turn              m - ring of resist corrosion
MPRegen  0.10/turn              (no ring)

@: no status effects
A: (nimble swimmer 2), mertail, clarity, fire resistance 1
a: no special abilities


You were on level 4 of the Dungeon.
You visited 1 branch of the dungeon, and saw 4 of its levels.

You collected 203 gold pieces.

Inventory:

Hand Weapons
 a - a +0 long sword (weapon)
Missiles
 d - 3 throwing nets (quivered)
 j - 3 boomerangs of dispersal
 p - 3 poisoned darts
 r - 4 curare-tipped darts
Armour
 c - a +0 helmet (worn)
 l - a +2 leather armour of fire resistance (worn)
Jewellery
 m - a ring of resist corrosion (left hand)
 u - a ring of fire
Wands
 n - a wand of digging (9)
 q - a wand of paralysis (13)
Scrolls
 b - 3 scrolls of immolation {unknown}
 e - 3 scrolls of identify {unknown}
 k - 2 scrolls of teleportation {unknown}
Potions
 f - a potion of curing {unknown}
 g - a potion of magic
 h - a potion of mutation
 i - a potion of haste {unknown}
 o - a potion of berserk rage {unknown}
 s - a potion of flight {unknown}
 t - a potion of degeneration {unknown}


   Skills:
 + Level 4.1 Fighting
 + Level 4.8 Long Blades
 + Level 3.6 Throwing
 + Level 1.8 Armour
 + Level 5.7 Dodging


You had 6 spell levels left.
You didn't know any spells.
Your spell library was empty.

Dungeon Overview and Level Annotations

Branches:
Dungeon (4/15)
 Temple: D:4-7

Altars:
Cheibriados


Innate Abilities, Weirdness & Mutations

((You are quick and stealthy near water. (Stealth+, EV+, Speed+++)))
Your lower body shifts to a powerful aquatic tail in water.
You possess an exceptional clarity of mind.
Your flesh is heat resistant. (rF+)


Message History

Okay, then.
It was a potion of magic.
Magic courses through your body. Something hits you but does no damage.
It was a potion of mutation.
You feel extremely strange.
Your thoughts seem clearer.
You feel resistant to heat.
You hear some strange, mumbled words.
A puff of flame appears from out of thin air!
The puff of flame hits you. You resist.
* * * LOW HITPOINT WARNING * * *
You closely miss something. Something hits you.
* * * LOW HITPOINT WARNING * * *
You closely miss something. Something hits you but does no damage.
You barely miss something. Something hits you but does no damage.
You slash something!
You hear some strange, mumbled words.
A puff of flame appears from out of thin air!
The puff of flame hits you but does no damage.
You resist.
You barely miss something.
You hear some strange, mumbled words.
Something tries to affect you, but you resist.
You hear some strange, mumbled words.
Something tries to affect you, but you resist.
You hit something but do no damage. Something completely misses you.
You miss something. Something hits you.
* * * LOW HITPOINT WARNING * * *
You hit something but do no damage. Something hits you but does no damage.
You miss something.
You hear some strange, mumbled words.
A magic dart appears from out of thin air!
The magic dart hits you.
* * * LOW HITPOINT WARNING * * *
You closely miss something.
You hear some strange, mumbled words.
A magic dart appears from out of thin air!
The magic dart hits you.
* * * LOW HITPOINT WARNING * * *
Something hits you but does no damage.
You hit something. Something hits you.
You die...

.....#<..# #.......# ..##..
#......######### .....
#..##..#.......# ....
#.###..........# ...
...#......#.....# ..##
^.......####....##...# ........#
##.....#...##.#
.........##.....@{)......
............##..##........ ....
.###..###...##............ ....
#.......###...........##...##
##......#.##...........[..[.##
##..........#.................
#...........#....##....##.....
####.##.......g.....##.....>.....
..#..#.............##..(...##....


You could see a gnoll (wandering).

Vanquished Creatures
  A wyvern (D:4)
  An orc priest (D:2)
  An iron imp (D:3)
  Robin (D:1)
  6 gnolls
  8 adders
  An adder skeleton (D:3)
  A worm (D:4)
  A dart slug (D:4)
  8 orcs
  4 bats
  6 endoplasms
  2 giant cockroaches
  12 goblins
  14 hobgoblins
  2 jackals (D:2)
  7 quokkas
  8 ball pythons
  5 frilled lizards
  6 kobolds
  5 rats
100 creatures vanquished.

Notes
Turn   | Place    | Note
-------+----------+-------------------------------------------
     0 | D:1      | voltaire321 the Merfolk Gladiator began the quest for the
                  | Orb.
     0 | D:1      | Reached XP level 1. HP: 16/16 MP: 1/1
   199 | D:1      | Noticed a troll
   308 | D:1      | Reached XP level 2. HP: 23/23 MP: 2/2
  1111 | D:1      | Reached XP level 3. HP: 25/28 MP: 3/3
  1732 | D:2      | Reached XP level 4. HP: 27/35 MP: 4/4
  2459 | D:2      | Noticed Robin
  2746 | D:1      | Reached XP level 5. HP: 41/41 MP: 5/5
  2770 | D:1      | Killed Robin
  2771 | D:1      | Reached skill level 1 in Armour
  3158 | D:3      | Found a snail-covered altar of Cheibriados.
  3169 | D:3      | Reached skill level 5 in Dodging
  4059 | D:4      | Noticed a wyvern
  4072 | D:4      | Killed a wyvern
  4073 | D:4      | Reached XP level 6. HP: 13/48 MP: 6/6
  5187 | D:3      | Reached XP level 7. HP: 34/54 MP: 7/7
  5717 | D:4      | Gained mutation: You possess an exceptional clarity of
                  | mind. [potion of mutation]
  5717 | D:4      | Gained mutation: Your flesh is heat resistant. (rF+)
                  | [potion of mutation]
  5728 | D:4      | Slain by an orc wizard

Illustrated notes

Levels and vault maps discovered:
D:1:      erik_arrival_cave_to_civilisation [erik_arrival_cave_to_temple],
          layout_loops_ring, st_stairs_8, minmay_pentomino_r4
D:2:      layout_rooms, wander_ebering_terrifying_dragon_lair, uniq_robin
D:3:      layout_rooms, slow_altar_2
D:4:      layout_cave_pools, roderic_batcave

Skill      XL: |  1  2  3  4  5 |
---------------+----------------+-----
Fighting       | 3 4 |  4.1
Long Blades    | 4 |  4.8
Armour         | 1 |  1.8
Throwing       | 3 |  3.6
Dodging        | 5 |  5.7

Action                   |  1- 3 |  4- 6 |  7- 9 || total
-------------------------+-------+-------+-------++-------
Melee: Long sword        |    82 |   201 |    36 ||   319
  Use: Potion            |       |       |     2 ||     2
 Stab: Sleeping          |       |     2 |       ||     2
Armor: Leather armour    |    20 |    72 |    18 ||   110
Dodge: Dodged            |    63 |   198 |    25 ||   286
       Rpst.: Long sword |    22 |    65 |     3 ||    90

Table legend: (Time is in decaauts)
 A = Elapsed time spent in this place.
 B = Non-inter-level travel time spent in this place.
 C = Inter-level travel time spent in this place.
 D = Time resting spent in this place.
 E = Time spent auto-exploring this place.
 F = Levels seen in this place.
 G = Mean time per level.
                   A        B        C        D        E       F      G
               +--------+--------+--------+--------+--------+-----+--------+
         Total |   5802 |   5642 |    160 |   2857 |   1876 |   4 | 1450.5 |
       Dungeon |   5802 |   5642 |    160 |   2857 |   1876 |   4 | 1450.5 |
               +--------+--------+--------+--------+--------+-----+--------+

Top non-repeatable levels by time:
     D:1: 2143 daAuts
     D:3: 1480 daAuts
     D:4: 1202 daAuts
     D:2: 976 daAuts
